 Dungeon Crawl Stone Soup version 0.22.1-6-g1668fe2 (webtiles) character file.

139 infcreate the Conjurer (level 5, -2/28 HPs)
             Began as a Deep Elf Conjurer on Jan 19, 2019.
             Slain by a worker ant (6 damage)
             ... on level 4 of the Dungeon.
             The game lasted 00:12:46 (2480 turns).

infcreate the Conjurer (Deep Elf Conjurer)          Turns: 2480, Time: 00:12:47

Health: -2/28      AC:  2    Str:  5    XL:     5   Next: 1%
Magic:  7/13       EV: 13    Int: 21    God:
Gold:   147        SH:  0    Dex: 15    Spells: 2/12 levels left

rFire    . . .     SeeInvis .   (no weapon)
rCold    . . .     Gourm    .   (no shield)
rNeg     . . .     Faith    .   a - +0 robe
rPois    .         Spirit   .   (no helmet)
rElec    .         Reflect  .   (no cloak)
rCorr    .         Harm     .   (no gloves)
MR       .....                  (no boots)
Stlth    ++........             (no amulet)
HPRegen  0.09/turn              (no ring)
MPRegen  0.13/turn              (no ring)

@: lethally poisoned (-2 -> -6)
A: no striking features
a: no special abilities


You were on level 4 of the Dungeon.
You were not hungry.

You visited 1 branch of the dungeon, and saw 4 of its levels.

You collected 147 gold pieces.

Inventory:

Armour
 a - a +0 robe (worn)
Scrolls
 b - 6 scrolls of identify {unknown}
 e - 3 scrolls of fear {unknown}
 f - 2 scrolls of teleportation {unknown}
 h - a scroll of magic mapping {unknown}
 i - 2 scrolls of remove curse {unknown}
Potions
 d - a potion of brilliance
Comestibles
 c - 4 rations


   Skills:
 + Level 2.7 Dodging
 + Level 3.0 Stealth
 + Level 4.4 Spellcasting
 + Level 6.1 Conjurations


You had 2 spell levels left.
You knew the following spells:

 Your Spells              Type           Power        Failure   Level  Hunger
a - Magic Dart            Conj           ####         1%          1    None
b - Searing Ray           Conj           ####..       1%          2    #......
c - Dazzling Spray        Conj/Hex       ###...       10%         3    ##.....
d - Iskenderun's Mystic   Conj           ####....     10%         4    ####...

Your spell library contained the following spells:

 Spells                   Type           Power        Failure   Level  Hunger
 Force Lance              Conj/Tloc      ###.....     32%         4    ####...
 Fulminant Prism          Conj/Hex       ###.......   32%         4    ####...


Dungeon Overview and Level Annotations

Branches:
Dungeon (4/15)
 Temple: D:4-7

Altars:
Cheibriados
Gozag
Ru


Message History

It was a potion of brilliance.
You feel clever all of a sudden.
* * * LOW HITPOINT WARNING * * *
You feel sick.
The bullfrog skeleton closely misses you.
The worker ant closely misses you.
It was a potion of agility.
You feel agile all of a sudden.
* * * LOW HITPOINT WARNING * * *
You feel sick.
The bullfrog skeleton barely misses you.
The worker ant waves its antennae.
The worker ant barely misses you.
The bullfrog skeleton hits you but does no damage.
It was a potion of cancellation.
Your magical effects are unravelling.
You feel magically purged.
You feel a little less clever now.
You feel a little less agile now. The worker ant bites you.
You die...

#########
........#
......a@#
.......Z#
........#
........#
........#
##..###+#
##+


You could see a worker ant and a bullfrog skeleton.

Vanquished Creatures
  An orc wizard (D:3)
  A worker ant (D:3)
  2 adders (D:3)
  3 worms
  A dart slug (D:2)
  A leopard gecko (D:2)
  5 orcs
  3 ball pythons
  13 bats
  3 giant cockroaches
  4 hobgoblins
  4 jackals (D:2)
  4 frilled lizards
  4 goblins
  A kobold (D:3)
  9 rats
59 creatures vanquished.

Notes
Turn   | Place    | Note
-------+----------+-------------------------------------------
     0 | D:1      | infcreate the Deep Elf Conjurer began the quest for the
                  | Orb.
     0 | D:1      | Reached XP level 1. HP: 10/10 MP: 6/6
   364 | D:1      | Reached XP level 2. HP: 15/15 MP: 6/8
   533 | D:1      | Learned a level 2 spell: Searing Ray
   617 | D:2      | Found an opulent altar of Gozag.
   806 | D:2      | Found a sacrificial altar of Ru.
   809 | D:2      | Reached skill level 5 in Conjurations
   876 | D:2      | Found a snail-covered altar of Cheibriados.
  1046 | D:2      | Reached XP level 3. HP: 19/19 MP: 7/9
  1761 | D:3      | Learned a level 3 spell: Dazzling Spray
  1902 | D:3      | Reached XP level 4. HP: 20/24 MP: 8/12
  2153 | D:3      | Reached skill level 6 in Conjurations
  2255 | D:3      | Learned a level 4 spell: Iskenderun's Mystic Blast
  2398 | D:3      | Reached XP level 5. HP: 28/28 MP: 9/13
  2480 | D:4      | Slain by a worker ant

Skill      XL: |  1  2  3  4 |
---------------+-------------+-----
Conjurations   | 5 6 |  6.1
Spellcasting   | 4 |  4.4
Stealth        | 3 |  3.0
Dodging        | |  2.7

Action                   |  1- 3 |  4- 6 || total
-------------------------+-------+-------++-------
 Cast: Magic Dart        |    64 |    37 ||   101
       Searing Ray       |     6 |     4 ||    10
       Dazzling Spray    |       |     1 ||     1
  Use: Potion            |       |     3 ||     3
  Eat: Chunk             |     3 |     2 ||     5
Armor: Robe              |     5 |     2 ||     7
Dodge: Dodged            |    10 |    10 ||    20
